 Dungeon Crawl Stone Soup version 0.27-a0-1191-g601b473118 (webtiles) character file.

Game seed: 12145278339027110353

2347 Zeld the Cleaver (level 9, -1/71 HPs)
             Began as a Minotaur Berserker on May 24, 2021.
             Was a Priest of Trog.
             Shot with an arrow by a centaur (11 damage)
             ... on level 7 of the Dungeon.
             The game lasted 00:06:29 (9642 turns).

Zeld the Cleaver (Minotaur Berserker)               Turns: 9642, Time: 00:06:29

Health: -1/71      AC:  3    Str: 25    XL:     9   Next: 20%
Magic:  0/8        EV: 12    Int:  4    God:    Trog [***...]
Gold:   361        SH:  0    Dex: 10    Spells: 8/8 levels left

rFire    . . .     SeeInvis .   a - +0 hand axe
rCold    . . .     Faith    .   (no shield)
rNeg     . . .     Spirit   +   (no armour)
rPois    .         Reflect  .   (helmet restricted)
rElec    .         Harm     .   y - +0 cloak
rCorr    .         Rampage  .   i - +0 pair of gloves
Will     .....                  o - +0 pair of boots
Stlth    +.........             u - amulet of guardian spirit
HPRegen  0.21/turn              (no ring)
MPRegen  0.11/turn              (no ring)

@: no status effects
A: horns 2, retaliatory headbutt
a: Renounce Religion, Berserk, Trog's Hand


You were on level 7 of the Dungeon.
You worshipped Trog.
Trog was most pleased with you.
You visited 2 branches of the dungeon, and saw 8 of its levels.

You collected 361 gold pieces.

Inventory:

Hand Weapons
 a - a +0 hand axe (weapon)
Armour
 i - a +0 pair of gloves (worn)
 o - a +0 pair of boots (worn)
 y - a +0 cloak (worn)
Jewellery
 u - an amulet of guardian spirit (around neck)
Wands
 q - a wand of digging (9)
Scrolls
 b - a scroll of fear {unknown}
 c - a scroll of blinking {unknown}
 d - 2 scrolls of identify {unknown}
 e - 5 scrolls of teleportation {unknown}
 h - 4 scrolls of magic mapping {unknown}
 l - a scroll of amnesia {unknown}
 m - a scroll of noise {unknown}
 n - a scroll of brand weapon {unknown}
 r - a scroll of enchant weapon {unknown}
 s - a scroll of acquirement {unknown}
 v - a scroll of vulnerability {unknown}
Potions
 f - 2 potions of haste {unknown}
 g - 7 potions of curing {unknown}
 j - a potion of berserk rage {unknown}
 k - a potion of might {unknown}
 p - a potion of brilliance {unknown}
 t - 2 potions of magic {unknown}
 w - 2 potions of flight {unknown}
 x - 2 potions of heal wounds {unknown}
 z - a potion of attraction {unknown}
 A - 2 potions of resistance {unknown}


   Skills:
 * Level 4.3 Fighting
 - Level 14.0 Axes
 - Level 2.4 Armour
 * Level 2.9 Dodging
 * Level 1.3 Evocations


You had 8 spell levels left.
You didn't know any spells.
Your spell library was empty.

Dungeon Overview and Level Annotations

Branches:
Dungeon (7/15)             Temple (1/1) D:4

Altars:
Ashenzari
Cheibriados
Dithmenos
Elyvilon
Fedhas
Gozag
Hepliaklqana
Kikubaaqudgha
Makhleb
Nemelex Xobeh
Okawaru
Qazlal
Sif Muna
Trog
Uskayaw
Wu Jian
Xom
Yredelemnul
Zin
The Shining One


Innate Abilities, Weirdness & Mutations

You have a pair of horns on your head.
You reflexively headbutt those who attack you in melee.


Message History

The bullfrog is almost dead.
The bullfrog hits you.
A bullfrog is nearby!
You hit the bullfrog.
You kill the bullfrog!
Trog accepts your kill.
Magic restored.
A gnoll comes into view. It is wielding a +0 long sword.
The gnoll shouts!
You hear a shout!
A centaur comes into view.
You hear a shout!
You see here a bullfrog corpse.
The centaur shouts!
The centaur wields a +0 shortbow.
The centaur shoots an arrow.
The arrow hits you.
A gnoll comes into view. It is wielding a +0 whip.
The centaur shoots an arrow.
The arrow hits you.
The gnoll shouts!
A gnoll comes into view. It is wielding a +0 halberd.
The gnoll barely misses you.
The centaur shoots an arrow.
The arrow misses you.
There are monsters nearby!
There are monsters nearby!
You barely miss the gnoll.
The centaur shoots an arrow.
The arrow hits you! The gnoll completely misses you.
Okay, then.
The centaur shoots an arrow.
The arrow hits you!
The centaur shoots an arrow.
The arrow closely misses you.
The centaur shoots an arrow.
The arrow hits you!
You see here a bullfrog corpse.
The centaur shoots an arrow.
The arrow hits you!
* * * LOW HITPOINT WARNING * * *
The centaur shoots an arrow.
The arrow hits you.
* * * LOW HITPOINT WARNING * * *
The centaur shoots an arrow.
The arrow misses you.
The centaur shoots an arrow.
The arrow hits you!
* * * LOW HITPOINT WARNING * * *
The centaur shoots an arrow.
The arrow hits you.
* * * LOW HITPOINT WARNING * * *
The centaur shoots an arrow.
The arrow hits you!
You die...

#.# #........... .
.######.######........... .
........g..c.g.(......... .
#######.######........... .
. ##..#####.c......... .
..######...................
.
..g..†..........g..........
.
##....g...........#########
# #.....c..#..###@## #...#
#(.......##.# #.####...#
#........##.# #.:......#
#........# .. #.####...#
#........# .##.#)..#.## .
#........# #.....#.# #
#.#..<#.# ...#...#.#
...#.#.#.#+####..#


You could see a centaur and 2 gnolls.

Vanquished Creatures
  Prince Ribbit (D:5)
  3 slime creatures (D:7)
  The ghost of niangp the Chopper, an amateur MiBe of Trog (D:4)
  2 ice beasts (D:6)
  2 ogres
  A necrophage (D:4)
  2 centaurs (D:6)
  A phantom (D:4)
  3 bullfrogs
  A scorpion (D:4)
  A water moccasin zombie (D:5)
  A water moccasin skeleton (D:6)
  A bullfrog zombie (D:5)
  A centaur zombie (D:7)
  An orc priest (D:3)
  A centaur skeleton (D:7)
  A hound (D:5)
  Crazy Yiuf (D:5)
  3 iguanas
  Jessica (D:2)
  A hound skeleton (D:4)
  A gnoll (D:7)
  11 adders
  An ufetubus (D:6)
  An adder skeleton (D:4)
  2 worms
  2 dart slugs
  5 orcs
  11 ball pythons
  5 endoplasms
  6 giant cockroaches
  6 goblins
  8 hobgoblins
  3 jackals (D:3)
  5 kobolds
  4 quokkas
  8 bats
  2 frilled lizards
  2 rats (D:1)
113 creatures vanquished.

Notes
Turn   | Place    | Note
-------+----------+-------------------------------------------
     0 | D:1      | Zeld the Minotaur Berserker began the quest for the Orb.
     0 | D:1      | Reached XP level 1. HP: 19/19 MP: 0/0
   337 | D:1      | Reached skill level 4 in Axes
   468 | D:1      | HP: 1/28 [bat (1)]
   471 | D:1      | Reached XP level 2. HP: 2/26 MP: 1/1
  2080 | D:2      | Reached skill level 5 in Axes
  2089 | D:2      | Reached ** piety under Trog
  2090 | D:2      | Reached XP level 3. HP: 31/31 MP: 2/2
  2403 | D:2      | Noticed Jessica
  2412 | D:2      | Killed Jessica
  2413 | D:2      | Reached skill level 6 in Axes
  2413 | D:2      | Reached XP level 4. HP: 37/39 MP: 3/3
  2991 | D:3      | Reached skill level 7 in Axes
  2991 | D:3      | Reached XP level 5. HP: 26/45 MP: 4/4
  3830 | D:3      | Reached *** piety under Trog
  4208 | D:4      | Found a staircase to the Ecumenical Temple.
  4244 | Temple   | Entered the Ecumenical Temple
  4427 | D:4      | Found a runed translucent door.
  4430 | D:4      | Noticed niangp's ghost (amateur MiBe)
  4472 | D:4      | Reached skill level 8 in Axes
  4472 | D:4      | Reached XP level 6. HP: 51/51 MP: 5/5
  4940 | D:4      | Reached skill level 9 in Axes
  5284 | D:4      | Reached XP level 7. HP: 34/57 MP: 6/6
  6532 | D:4      | Reached skill level 10 in Axes
  6539 | D:4      | Killed niangp's ghost
  6706 | D:5      | Entered Level 5 of the Dungeon
  6912 | D:5      | Noticed Prince Ribbit
  6921 | D:5      | Killed Prince Ribbit
  6922 | D:5      | Reached skill level 11 in Axes
  6922 | D:5      | Reached XP level 8. HP: 64/64 MP: 5/7
  7382 | D:5      | Found a runed translucent door.
  7383 | D:5      | Noticed Crazy Yiuf
  7599 | D:5      | Killed Crazy Yiuf
  7744 | D:6      | Found an opulent altar of Gozag.
  7752 | D:6      | Found a shimmering altar of Xom.
  7753 | D:6      | Found a shimmering blue altar of Sif Muna.
  7758 | D:6      | Found a glowing golden altar of the Shining One.
  7775 | D:6      | Reached skill level 12 in Axes
  8356 | D:6      | Reached skill level 13 in Axes
  9065 | D:7      | Noticed a slime creature
  9079 | D:7      | Killed a slime creature
  9125 | D:7      | Noticed a slime creature
  9361 | D:7      | Killed a slime creature
  9362 | D:7      | Reached skill level 14 in Axes
  9362 | D:7      | Reached XP level 9. HP: 70/70 MP: 5/8
  9467 | D:7      | Reached skill level 1 in Evocations
  9642 | D:7      | Shot with an arrow by a centaur

Illustrated notes

Levels and vault maps discovered:
D:1:      evilmike_arrival_hilbert_curve, layout_basic
D:2:      layout_basic, minmay_snake_closets, uniq_jessica
D:3:      layout_basic
D:4:      minmay_wonky_spiral, layout_layer_cave,
          minmay_temple_entry_stoned_glass, ebering_ghost_sewer_d,
          minmay_stone_trees_medium, eino_tiny_chamber
D:5:      layout_loops_ring, uniq_prince_ribbit1, uniq_crazy_yiuf_cottage
D:6:      minmay_skewed_foursquare, layout_cave_pools, kennysheep_mini_moat,
          grunt_temple_overflow_open, grunt_decor_one_mirror,
          minmay_manual_mares
D:7:      layout_basic, lemuel_crystal_altar, guppyfry_early_elven_hall
Temple:   regret_index_temple_sphere_string

Skill      XL: |  1  2  3  4  5  6  7  8  9 |
---------------+----------------------------+-----
Axes           | 4 5 6 7 8 9 11 14 | 14.0
Fighting       | 4 |  4.3
Evocations     | 1 |  1.3
Armour         | |  2.4
Dodging        | |  2.9

Action                   |  1- 3 |  4- 6 |  7- 9 || total
-------------------------+-------+-------+-------++-------
Melee: Hand axe          |    68 |   121 |   134 ||   323
       Headbutt          |     9 |    18 |    27 ||    54
Invok: Berserk           |     2 |     4 |    10 ||    16
  Use: Potion            |       |       |     1 ||     1
Armor: Skin              |       |     6 |    34 ||    40
Dodge: Dodged            |    50 |    80 |    68 ||   198

Table legend: (Time is in decaauts)
 A = Elapsed time spent in this place.
 B = Non-inter-level travel time spent in this place.
 C = Inter-level travel time spent in this place.
 D = Time resting spent in this place.
 E = Time spent auto-exploring this place.
 F = Levels seen in this place.
 G = Mean time per level.
                   A        B        C        D        E       F      G
               +--------+--------+--------+--------+--------+-----+--------+
         Total |   9750 |   9331 |    419 |   2235 |   6287 |   8 | 1218.8 |
       Dungeon |   9572 |   9180 |    392 |   2235 |   6138 |   7 | 1367.4 |
        Temple |    177 |    150 |     27 |      0 |    149 |   1 |  177.0 |
               +--------+--------+--------+--------+--------+-----+--------+

Top non-repeatable levels by time:
     D:4: 2420 daAuts
     D:1: 1920 daAuts
     D:2: 1175 daAuts
     D:3: 1078 daAuts
     D:6: 1064 daAuts
     D:5: 998 daAuts
     D:7: 914 daAuts
  Temple: 177 daAuts
